 Dungeon Crawl Stone Soup version 0.21.1-1-g345015f (webtiles) character file.

71 inc the Stinger (level 4, -1/27 HPs)
             Began as an Octopode Venom Mage on Mar 24, 2018.
             Slain by a bullfrog (8 damage)
             ... on level 4 of the Dungeon.
             The game lasted 00:05:54 (2786 turns).

inc the Stinger (Octopode Venom Mage)               Turns: 2786, Time: 00:05:55

Health: -1/27      AC:  1    Str:  7    XL:     4   Next: 24%
Magic:  4/7        EV: 13    Int: 18    God:
Gold:   127        SH:  0    Dex: 12    Spells: 2/8 levels left

rFire    . . .     SeeInvis .   o - staff of conjuration
rCold    . . .     Gourm    .   (no shield)
rNeg     . . .     Faith    .   (helmet restricted)
rPois    +         Spirit   .   w - amulet of magic regeneration
rElec    .         Reflect  .   k - ring of poison resistance
rCorr    .         Harm     .   (no ring)
MR       .....                  (no ring)
Stlth    +++.......             (no ring)
HPRegen  0.09/turn              (no ring)
MPRegen  0.35/turn              (no ring)
                                (no ring)
                                (no ring)

@: very slightly contaminated
A: almost no armour, stealthy swim, amphibious, 8 rings, constrict 8, camouflage
1, gelatinous body 1
a: no special abilities


You were on level 4 of the Dungeon.
You were not hungry.

You visited 1 branch of the dungeon, and saw 4 of its levels.

You collected 127 gold pieces.

Inventory:

Magical Staves
 o - an uncursed staff of conjuration (weapon)
Jewellery
 k - a ring of poison resistance (left tentacle)
 w - an amulet of magic regeneration (around mantle)
Wands
 t - a wand of polymorph (15)
 v - a wand of flame (28)
Scrolls
 c - 3 scrolls of amnesia {unknown}
 h - 3 scrolls of fear {unknown}
 i - a scroll of blinking {unknown}
 j - a scroll of remove curse {unknown}
 m - 2 scrolls of teleportation {unknown}
 p - a scroll of immolation {unknown}
 x - a scroll of identify
Potions
 d - 3 potions of heal wounds
 e - 3 potions of curing
 f - a potion of flight {unknown}
 g - a potion of berserk rage {unknown}
 l - a potion of mutation {unknown}
 n - a potion of lignification {unknown}
 q - 2 potions of cancellation
 r - 2 potions of might {unknown}
 s - a potion of agility {unknown}
 u - a potion of haste {unknown}
Books
 a - a Young Poisoner's Handbook

   Spells                             Type                      Level
   a - Sting                          Conjuration/Poison           1
   b - Poisonous Vapours              Poison/Air                   2
   c - Mephitic Cloud                 Conjuration/Poison/Air       3
   d - Olgreb's Toxic Radiance        Poison                       4
   e - Venom Bolt                     Conjuration/Poison           5
Comestibles
 b - 5 rations


   Skills:
 - Level 2.0 Dodging
 - Level 2.6 Stealth
 - Level 2.5 Spellcasting
 - Level 2.7 Conjurations
 + Level 1.6 Air Magic
 - Level 3.7 Poison Magic


You had 2 spell levels left.
You knew the following spells:

 Your Spells              Type           Power        Failure   Level  Hunger
a - Sting                 Conj/Pois      ###.         4%          1    #......
b - Poisonous Vapours     Pois/Air       ##....       9%          2    ##.....
c - Mephitic Cloud        Conj/Pois/Air  ###.....     17%         3    ###....


Dungeon Overview and Level Annotations

Branches:
Dungeon (4/15)
 Temple: D:4-7

Altars:
Trog


Innate Abilities, Weirdness & Mutations

You cannot wear most types of armour.
You are very stealthy in the water. (Stealth+)
You are amphibious.
You can wear up to eight rings at the same time.
You can use your tentacles to constrict eight enemies at once.
Your skin changes colour to match your surroundings (Stealth+).
Your rubbery body absorbs attacks. (AC +1, EV +1)


Message History

The bullfrog hits you!
Casting: Sting
Confirm with . or Enter, or press ? or * to list all spells.
Aiming: Sting
Press: ? - help, Shift-Dir - straight line, f/p - bullfrog
Aim: a bullfrog (heavily wounded, poisoned)
You feel a surge of power!
The sting hits the bullfrog.
The bullfrog looks even sicker.
The bullfrog is severely wounded.
The bullfrog barely misses you. The bullfrog hits you.
* * * LOW HITPOINT WARNING * * *
Casting: Sting
Confirm with . or Enter, or press ? or * to list all spells.
Aiming: Sting
Press: ? - help, Shift-Dir - straight line, f/p - bullfrog
Aim: a bullfrog (severely wounded, poisoned)
You feel a surge of power!
You miscast Sting.
You are very lightly contaminated with residual magic.
Nothing appears to happen.
The bullfrog hits you!
You die...

### #.. ##### #.# ####
##...###.##...##
#.....##.#F....#.
#........@...5...
#####.....#>.......#.
###...##...#...........
#.........###...#######
#.#...###.# ##.##
#.##.## #.# #.# #.##.##
#.# #.# ##. #.##..# #.#
#+# #.. #†###.# #.# #.#


You could see a bullfrog and a crimson imp.

Vanquished Creatures
  An adder (D:4)
  2 oozes
  An adder skeleton (D:4)
  4 leopard geckos
  5 giant cockroaches
  4 goblins
  4 hobgoblins (D:1)
  4 jackals (D:4)
  A quokka (D:3)
  4 bats
  A frilled lizard (D:1)
  6 kobolds
  6 rats
43 creatures vanquished.

Notes
Turn   | Place    | Note
-------+----------+-------------------------------------------
     0 | D:1      | inc the Octopode Venom Mage began the quest for the Orb.
     0 | D:1      | Reached XP level 1. HP: 11/11 MP: 3/3
    68 | D:1      | Reached XP level 2. HP: 17/17 MP: 1/5
   747 | D:1      | Reached XP level 3. HP: 21/21 MP: 2/6
  1840 | D:3      | Learned a level 2 spell: Poisonous Vapours
  1844 | D:3      | Learned a level 3 spell: Mephitic Cloud
  2240 | D:3      | Found a bloodstained altar of Trog.
  2421 | D:4      | Reached skill level 1 in Air Magic
  2421 | D:4      | Reached XP level 4. HP: 27/27 MP: 1/7
  2782 | D:4      | Noticed a bullfrog
  2786 | D:4      | Slain by a bullfrog

Skill      XL: |  1  2  3 |
---------------+----------+-----
Conjurations   | 2 |  2.7
Air Magic      | 1 |  1.6
Dodging        | |  2.0
Stealth        | |  2.6
Spellcasting   | |  2.5
Poison Magic   | |  3.7

Action                   |  1- 3 |  4- 6 || total
-------------------------+-------+-------++-------
Melee: Unarmed           |    10 |       ||    10
       Tentacles         |     4 |       ||     4
       Constrict         |     3 |     1 ||     4
       Staff             |     6 |     5 ||    11
 Cast: Sting             |    72 |    14 ||    86
       Poisonous Vapours |     1 |       ||     1
  Use: Scroll            |       |     3 ||     3
  Eat: Chunk             |     3 |       ||     3
       Ration            |     1 |       ||     1
Armor: Skin              |     3 |     1 ||     4
Dodge: Dodged            |    20 |    11 ||    31
